 Dungeon Crawl Stone Soup version 0.22-a0-159-g7ce444f (webtiles) character file.

242 wolfsongas the Cudgeler (level 5, -3/58 HPs)
             Began as a Demonspawn Gladiator on Feb 9, 2018.
             Was a Follower of Dithmenos.
             Slain by an orc warrior
             ... wielding a +0 trident
              (6 damage)
             ... on level 6 of the Dungeon.
             The game lasted 00:07:22 (3739 turns).

wolfsongas the Cudgeler (Demonspawn Gladiator)      Turns: 3739, Time: 00:07:23

Health: -3/58      AC: 22    Str: 15    XL:     5   Next: 82%
Magic:  5/5        EV:  2    Int: 10    God:    Dithmenos [*.....]
Gold:   206        SH:  0    Dex: 14    Spells: 4/4 levels left

rFire    . . .     SeeInvis +   i - -1 mace (curse)
rCold    . . .     Gourm    .   (no shield)
rNeg     + + +     Faith    .   (armour currently unavailable)
rPois    +         Spirit   .   (helmet currently unavailable)
rElec    .         Reflect  .   (cloak currently unavailable)
rCorr    .         Harm     .   (gloves currently unavailable)
MR       .....     NoTele   +   (boots currently unavailable)
Stlth    +++.......             (no amulet)
HPRegen  0.19/turn              b - ring of see invisible
MPRegen  0.09/turn              (no ring)

@: tree-form (expiring), hasted, wreathed by umbra, very quick
A: repulsion field 1, nightstalker 1
a: Renounce Religion


You were on level 6 of the Dungeon.
You worshipped Dithmenos.
Dithmenos was aware of your devotion.
You were hungry.
You were a tree.
You visited 1 branch of the dungeon, and saw 6 of its levels.

You collected 206 gold pieces.

Inventory:

Hand Weapons
 a - a +1 flail
 i - a cursed -1 mace (weapon)
Missiles
 d - 3 throwing nets (quivered)
Armour
 c - a +0 helmet (melded)
 e - a +0 pair of gloves (melded)
 j - a +3 plate armour (melded)
Jewellery
 b - a ring of see invisible (left branch)
Scrolls
 k - a scroll of blinking
Potions
 g - a potion of agility
 p - a potion of flight
Comestibles
 f - 5 rations


   Skills:
 + Level 2.5 Fighting
   Level 0.5 Short Blades
 + Level 5.5 Maces & Flails
 - Level 1.7 Throwing
 + Level 1.1 Armour
 - Level 2.6 Dodging


You had 4 spell levels left.
You didn't know any spells.

Dungeon Overview and Level Annotations

Branches:
Dungeon (6/15)
 Temple: D:4-7

Altars:
Dithmenos


Innate Abilities, Weirdness & Mutations

You are surrounded by a mild repulsion field. (EV +2)
You are slightly more attuned to the shadows.
((You have sharp toenails.))
((You can translocate small distances at will.))


Message History

It was a potion of haste.
You feel yourself speed up.
It was a potion of mutation.
You feel extremely strange.
You feel jittery.
Your toenails lengthen and sharpen.
The orc warrior hits you but does no damage.
You cannot move.
You cannot move.
You cannot move.
You cannot move.
Okay, then.
You cannot move.
You cannot move.
You cannot move.
You cannot move.
You cannot move.
The orc warrior hits you from afar with a trident.
* * * LOW HITPOINT WARNING * * *
The orc warrior hits you from afar with a trident.
* * * LOW HITPOINT WARNING * * *
The orc warrior hits you from afar with a trident.
You die...

#.. ##.## #... #..#
## #..#####
....####......#####
....o)♣...........#
###..)...####.###.#
#.###### #.# .# #
#.# .# ### .# ##


You could see an orc warrior.

Vanquished Creatures
  A centaur (D:3)
  A scorpion (D:4)
  3 adders
  An ooze (D:1)
  3 worms
  2 dart slugs
  2 leopard geckos
  3 orcs
  A ball python (D:3)
  6 giant cockroaches
  5 hobgoblins
  3 jackals (D:1)
  A quokka (D:2)
  10 bats
  8 frilled lizards
  2 goblins (D:1)
  8 kobolds
  10 rats
70 creatures vanquished.

Notes
Turn   | Place    | Note
-------+----------+-------------------------------------------
     0 | D:1      | wolfsongas the Demonspawn Gladiator began the quest for the Orb.
     0 | D:1      | Reached XP level 1. HP: 16/16 MP: 1/1
   393 | D:1      | Reached skill level 3 in Maces & Flails
   424 | D:1      | Gained mutation: You are slightly more attuned to the shadows. [demonic ancestry]
   424 | D:1      | Reached XP level 2. HP: 14/22 MP: 2/2
  1153 | D:1      | Gained mutation: You are surrounded by a mild repulsion field. (EV +2) [demonic ancestry]
  1153 | D:1      | Reached XP level 3. HP: 27/27 MP: 3/3
  1373 | D:2      | Found a shadowy altar of Dithmenos.
  1377 | D:2      | Became a worshipper of Dithmenos the Shadowed
  1407 | D:2      | Reached skill level 4 in Maces & Flails
  1891 | D:2      | Reached XP level 4. HP: 25/33 MP: 4/4
  2500 | D:3      | Noticed a centaur
  2537 | D:3      | Killed a centaur
  2537 | D:3      | Reached skill level 5 in Maces & Flails
  2537 | D:3      | Reached XP level 5. HP: 7/38 MP: 5/5
  2866 | D:3      | Reached * piety under Dithmenos
  3375 | D:4      | Reached skill level 1 in Armour
  3518 | D:4      | You fall through a shaft!
  3518 | D:5      | Entered Level 5 of the Dungeon
  3690 | D:6      | Noticed an orc warrior
  3732 | D:6      | HP: 1/58 [orc warrior/trident (13)]
  3735 | D:6      | Gained mutation: You can translocate small distances at will. [potion of mutation]
  3735 | D:6      | Gained mutation: You have sharp toenails. [potion of mutation]
  3738 | D:6      | HP: 2/58 [orc warrior/trident (1)]
  3739 | D:6      | Slain by an orc warrior

Vault maps used:
D:1:      nicolae_arrival_washed_ashore, minmay_misc_feat_four_crosses,
          minmay_heptomino_w4
D:2:      grunt_dithmenos_smoke_and_mirrors
D:3:      first_ration, portal_sewer_entry_b, kennysheep_generic_room_8
D:4:      nicolae_gozag_seed_capital, st_stairs_4
D:5:      minmay_opposing_rooms, lemuel_doored_altar,
          minmay_temple_entry_statues_pillars, uniq_edmund, uniq_menkaure
D:6:      nicolae_overflow_hidden_temple, serial_shops,
          nicolae_shop_window_shopping, basic_altar, trog_book

Skill      XL: |  1  2  3  4  5 |
---------------+----------------+-----
Maces & Flails | 3 4 5 |  5.5
Armour         | 1 |  1.1
Fighting       | |  2.5
Short Blades   | |  0.5
Throwing       | |  1.7
Dodging        | |  2.6

Action                   |  1- 3 |  4- 6 || total
-------------------------+-------+-------++-------
Melee: Flail             |   186 |    91 ||   277
       Dagger            |    14 |       ||    14
       Mace              |       |    34 ||    34
  Use: Scroll            |     7 |    10 ||    17
       Potion            |       |     6 ||     6
 Stab: Sleeping          |     1 |       ||     1
  Eat: Ration            |     1 |     1 ||     2
       Chunk             |       |     2 ||     2
Armor: Leather armour    |    34 |       ||    34
       Plate armour      |   161 |    80 ||   241
       Skin              |       |    31 ||    31
Dodge: Dodged            |   121 |    55 ||   176

Table legend:
 A = Spawn XP
 B = Non-spawn XP
 C = Spawn XP percentage of total XP
 D = Spawn monster count
 E = Non-spawn monster count
 F = Spawn count percentage of total count
 G = Total turns spent on level
                    A         B        C        D         E        F      G
               +---------+---------+-------+---------+---------+-------+---------
         Total |       0 |     347 |   0.0 |       0 |      70 |   0.0 |  3739
               +---------+---------+-------+---------+---------+-------+---------
           D:1 |       0 |      52 |   0.0 |       0 |      30 |   0.0 |  1268
           D:2 |       0 |      52 |   0.0 |       0 |      17 |   0.0 |   750
           D:3 |       0 |     143 |   0.0 |       0 |      17 |   0.0 |  1350
           D:4 |       0 |      76 |   0.0 |       0 |       2 |   0.0 |   150
           D:5 |       0 |      13 |   0.0 |       0 |       1 |   0.0 |   163
           D:6 |       0 |      11 |   0.0 |       0 |       3 |   0.0 |    58
               +---------+---------+-------+---------+---------+-------+---------
